 Dungeon Crawl Stone Soup version 0.29-a0-648-g6b26cc9f40 (webtiles) character file.

Game seed: 14549620337441475075

41 zeratav the Sneak (level 3, -3/17 HPs)
             Began as a Spriggan Arcane Marksman on June 21, 2022.
             Slain by an ogre
             ... wielding a +0 giant club
              (14 damage)
             ... on level 4 of the Dungeon.
             The game lasted 00:02:09 (1382 turns).

zeratav the Sneak (Spriggan Arcane Marksman)        Turns: 1382, Time: 00:02:10

Health: -3/17      AC:  2    Str:  6    XL:     3   Next: 32%
Magic:  6/6        EV: 17    Int: 14    God:
Gold:   66         SH:  0    Dex: 17    Spells: 3/4 levels left

rFire   . . .      SeeInvis +   a - +0 shortbow {bow}
rCold   . . .      Faith    .   (shield currently unavailable)
rNeg    . . .      Spirit   .   b - +0 robe
rPois   .          Reflect  .   (helmet restricted)
rElec   .          Harm     .   (no cloak)
rCorr   .          Rampage  .   (gloves unavailable)
Will    .....                   (boots unavailable)
Stlth   +++.......              (no amulet)
HPRegen 0.05/turn               (no ring)
MPRegen 0.10/turn               (no ring)

@: very quick
A: very small, no large weapons, unfitting armour, see invisible, speed 3
a: no special abilities


You were on level 4 of the Dungeon.
You visited 1 branch of the dungeon, and saw 3 of its levels.

You collected 66 gold pieces.


Innate Abilities, Weirdness & Mutations

You are very small and have problems with some larger weapons.
You are too small for most types of armour.
You have supernaturally acute eyesight. (SInv)
You cover ground extremely quickly. (Speed+++)


   Skills:
 - Level 0.7 Fighting
 + Level 2.4 Bows
 - Level 2.6 Dodging
 - Level 5.0 Stealth
 - Level 1.3 Spellcasting
 - Level 3.6 Hexes


You had 3 spell levels left.
You knew the following spells:

 Your Spells              Type           Power      Damage    Failure   Level
a - Slow                  Hex            44%        N/A       6%          1

Your spell library contained the following spells:

 Spells                   Type           Power      Damage    Failure   Level
 Sting                    Tmut/Pois      0%         1d3       26%         1
 Inner Flame              Hex/Fire       6%         N/A       36%         3
 Portal Projectile        Hex/Tloc       12%        N/A       36%         3
 Cause Fear               Hex            5%         N/A       50%         4

Inventory:

Hand Weapons
 a - a +0 shortbow (weapon) {bow}
 f - a +2 short sword of holy wrath {short}
   (You took it off a kobold on level 4 of the Dungeon)
Armour
 b - a +0 robe (worn)
Scrolls
 c - 2 scrolls of vulnerability {!r!r}
 d - 2 scrolls of identify {unknown}
 e - a scroll of fear {unknown}
Potions
 g - a potion of haste {unknown}
 h - a potion of curing {unknown}

Dungeon Overview and Level Annotations

Branches:
Dungeon (4/15) Zot: 16906
 Temple: D:4-7

Altars:
Kikubaaqudgha
Sif Muna
Vehumet

................# #.........
########........# #.........
##### #........# #.........
....####........###.########
....'..o.l.........†..#
##..######O########.#.#
8#..# #.# #.#.# ....#
#.########.#.## ..###
#...olO@...#..# ..#
#############.## .##
#..)........# .#
#...........## .#
#............# .#
#..........#.## .#
#..........#..#
#####........##.#
##._.##.......##.#


You could see an ogre, an iguana and an orc.


Message History

The arrow hits the hobgoblin but does no damage.
You shoot an arrow. The arrow hits the hobgoblin.
The hobgoblin misses you.
You shoot an arrow. The arrow hits the hobgoblin!
You kill the hobgoblin!
The goblin closely misses you.
You shoot an arrow. The arrow closely misses the hobgoblin.
The goblin closely misses you. The hobgoblin misses you.
The goblin hits you with a +0 dagger. The hobgoblin misses you.
HP[-2]
You take 2 damage, and now have 15/17 hp.
You shoot an arrow. The arrow hits the hobgoblin.
You kill the hobgoblin!
The goblin hits you with a +0 dagger.
HP[-2]
You take 2 damage, and now have 13/17 hp.
You shoot an arrow. The arrow closely misses the goblin.
The goblin hits you with a +0 dagger. x2
* * * LOW HITPOINT WARNING * * *
HP[-5]
You take 5 damage, and now have 8/17 hp.
MASSIVE DAMAGE!! (PAUSE)
You are too injured to fight recklessly!
You are too injured to fight recklessly!
You are too injured to fight recklessly!
Shoot: a) +0 shortbow {bow}
Press: ? - help, Q - select action, (/) - cycle Shift-Dir - straight line, f/p - goblin
Aim: a goblin, wielding a +0 dagger (53% to hit)
You shoot an arrow. The arrow hits the goblin!
You kill the goblin!
Shoot: a) +0 shortbow {bow}
Press: ? - help, Q - select action, (/) - cycle Shift-Dir - straight line, f - you That would be overly suicidal.
Okay, then.
You start resting.
HP[+9]
Your hp is fully restored (17).
Things that are here:
a +0 dagger {short}; a goblin corpse
Found an escape hatch in the ceiling.
Found a stone staircase leading down.
There is a stone staircase leading down here.
You open the door.
There is an open door here.
An orc comes into view. It is wielding a +0 hand axe.
You shoot an arrow. The arrow hits the orc.
The orc shouts!
You hear a shout!
You shoot an arrow. The arrow closely misses the orc.
An orc comes into view. It is wielding a +0 hand axe.
An ogre comes into view. It is wielding a +0 giant club.
The orc moves out of view.
An orc comes into view. It is wielding a +0 dagger.
You shoot an arrow. The arrow barely misses the orc.
The orc shouts!
The arrow hits the orc!
You kill the orc!
You hear an angry hiss.
You shoot an arrow. The orc shouts!
The arrow hits the orc!
You kill the orc!
An iguana comes into view.
Training target 5.0 for Stealth reached!
Your Stealth skill increases to level 5!
You need to enable at least one skill for training.
You open the door.
There is an open door here.
You shoot an arrow. The arrow hits the ogre!
You shoot an arrow. The arrow hits the ogre.
You shoot an arrow. The arrow barely misses the ogre.
The ogre closely misses you.
You shoot an arrow. The arrow hits the ogre.
You shoot an arrow. The arrow closely misses the ogre.
You shoot an arrow. The arrow completely misses the ogre.
The ogre hits you with a +0 giant club.
HP[-6]
You take 6 damage, and now have 11/17 hp.
MASSIVE DAMAGE!! (PAUSE)
You are too injured to fight recklessly!
You are too injured to fight recklessly!
You are too injured to fight recklessly!
Shoot: a) +0 shortbow {bow}
Press: ? - help, Q - select action, (/) - cycle Shift-Dir - straight line, f/p - ogre
Aim: an ogre, wielding a +0 giant club (severely wounded, 75% to hit)
You shoot an arrow. The arrow barely misses the ogre.
Shoot: a) +0 shortbow {bow}
Press: ? - help, Q - select action, (/) - cycle Shift-Dir - straight line, f/p - ogre
Aim: an ogre, wielding a +0 giant club (severely wounded, 75% to hit)
You shoot an arrow. The arrow hits the ogre.
Shoot: a) +0 shortbow {bow}
Press: ? - help, Q - select action, (/) - cycle Shift-Dir - straight line, f/p - ogre
Aim: an ogre, wielding a +0 giant club (severely wounded, 75% to hit)
You shoot an arrow. The arrow hits the ogre.
The ogre barely misses you.
Shoot: a) +0 shortbow {bow}
Press: ? - help, Q - select action, (/) - cycle Shift-Dir - straight line, f/p - ogre
Aim: an ogre, wielding a +0 giant club (almost dead, 75% to hit)
You shoot an arrow. The arrow hits the ogre.
The ogre hits you with a +0 giant club!
Ouch! That really hurt!
You die...

Skill      XL: |  1  2  3 |
---------------+----------+-----
Stealth        | 2 4 5 |  5.0
Fighting       | |  0.7
Bows           | |  2.4
Dodging        | |  2.6
Spellcasting   | |  1.3
Hexes          | |  3.6

Action                   || total
-------------------------++-------
 Fire: Shortbow          ||    76
Armor: Robe              ||     1
Dodge: Dodged            ||    16

Levels and vault maps discovered:
D:1:      eino_arrival_druids_welcome, layout_basic
D:2:      layout_loops_ring, shapermc_ecumenical_altar_mp_ritualfount,
          corner_web_ring, minmay_tetromino_t2, uniq_terence
D:4:      layout_basic, grunt_temple_overflow_magic_moments,
          minmay_temple_entry_hall, minmay_stone_trees_small,
          chequers_hall_statues_wall_a, uniq_robin

Notes
Turn   | Place    | Note
-------+----------+-------------------------------------------
     0 | D:1      | zeratav the Spriggan Arcane Marksman began the quest for
                  | the Orb.
     0 | D:1      | Reached XP level 1. HP: 9/9 MP: 3/3
     0 | D:1      | magus.rc [v1.9.6]
   108 | D:1      | Reached skill level 1 in Stealth
   136 | D:1      | HP: 2/9 [goblin/+1 dagger of freezing (5)]
   390 | D:1      | Reached skill level 2 in Stealth
   444 | D:1      | Reached XP level 2. HP: 14/14 MP: 5/5
   460 | D:1      | Reached skill level 3 in Stealth
   981 | D:2      | You fall into a shaft and drop 2 floors!
   982 | D:4      | Found a radiant altar of Vehumet.
   988 | D:4      | Found an ancient bone altar of Kikubaaqudgha.
   989 | D:4      | Found a shimmering blue altar of Sif Muna.
   994 | D:4      | Got Sif Muna's Handbook of Transformation
  1022 | D:4      | Reached skill level 4 in Stealth
  1075 | D:4      | Reached XP level 3. HP: 17/17 MP: 6/6
  1348 | D:4      | Noticed an ogre
  1351 | D:4      | Reached skill level 5 in Stealth
  1382 | D:4      | Slain by an ogre

Vanquished Creatures
  An adder (D:4)
  2 orcs (D:4)
  An endoplasm (D:1)
  A giant cockroach (D:1)
  3 goblins
  3 hobgoblins
  3 kobolds
  2 quokkas (D:1)
  3 ball pythons
  3 bats (D:1)
  3 frilled lizards (D:1)
  2 rats (D:1)
27 creatures vanquished.

Table legend:
 A = Non-vault XP
 B = Vault XP
 C = Vault XP percentage of total XP
 D = Non-vault monster count
 E = Vault monster count
 F = Vault count percentage of total count
                 A         B        C        D         E       F
            +---------+---------+-------+---------+---------+-------
      Total |      53 |       6 |  10.2 |      24 |       3 |  11.1
            +---------+---------+-------+---------+---------+-------
        D:1 |      29 |       0 |   0.0 |      19 |       0 |   0.0
        D:4 |      24 |       6 |  20.0 |       5 |       3 |  37.5
            +---------+---------+-------+---------+---------+-------

Illustrated notes

Table legend:
 A = Kills in this place as a percentage of kills in entire the game.
 B = Kills by you in this place as a percentage of kills by you in the entire game.
 C = Kills by friends in this place as a percentage of kills by friends in the entire game.
 D = Other kills in this place as a percentage of other kills in the entire game.
 E = Experience gained in this place as a percentage of experience gained in the entire game.
 F = Experience gained in this place divided by the number of levels of this place that you have seen.
                   A       B       C       D       E      F
               +-------+-------+-------+-------+-------+----------------------
         Total | 100.0 | 100.0 |   N/A |   N/A | 100.0 |  19.7
       Dungeon | 100.0 | 100.0 |   N/A |   N/A | 100.0 |  19.7
               +-------+-------+-------+-------+-------+----------------------

Table legend: (Time is in decaauts)
 A = Elapsed time spent in this place.
 B = Non-inter-level travel time spent in this place.
 C = Inter-level travel time spent in this place.
 D = Time resting spent in this place.
 E = Time spent auto-exploring this place.
 F = Levels seen in this place.
 G = Mean time per level.
                   A        B        C        D        E       F      G
               +--------+--------+--------+--------+--------+-----+--------+
         Total |   1091 |   1073 |     18 |    178 |    738 |   3 |  363.7 |
       Dungeon |   1091 |   1073 |     18 |    178 |    738 |   3 |  363.7 |
               +--------+--------+--------+--------+--------+-----+--------+

Top non-repeatable levels by time:
     D:1: 750 daAuts
     D:4: 340 daAuts
     D:2: 0 daAuts
